 Dungeon Crawl Stone Soup version 0.29-a0-334-gb41bcbb86e (webtiles) character file.

Game seed: 6699837368963762361

73 spaghetti the Poker (level 3, -3/45 HPs)
             Began as a Demigod Fighter on Apr 14, 2022.
             Killed by divine providence
             ... invoked by an orc priest
              (11 damage)
             ... on level 3 of the Dungeon.
             The game lasted 00:02:27 (2271 turns).

spaghetti the Poker (Demigod Fighter)               Turns: 2271, Time: 00:02:28

Health: -3/45      AC:  6    Str: 21    XL:     3   Next: 83%
Magic:  5/5        EV:  9    Int: 10    God:
Gold:   60         SH:  4    Dex: 13    Spells: 2/2 levels left

rFire   . . .      SeeInvis .   a - +0 trident {polearm}
rCold   . . .      Faith    .   c - +0 buckler
rNeg    . . .      Spirit   .   b - +0 scale mail
rPois   .          Reflect  .   (no helmet)
rElec   .          Harm     .   (no cloak)
rCorr   .          Rampage  .   (no gloves)
Will    .....                   (no boots)
Stlth   ..........              (no amulet)
HPRegen 0.15/turn               (no ring)
MPRegen 0.09/turn               (no ring)

@: mighty, berserking, hasted, very quick
A: high MP 1, forlorn, divine attributes
a: no special abilities


You were on level 3 of the Dungeon.
You visited 1 branch of the dungeon, and saw 3 of its levels.

You collected 60 gold pieces.


Innate Abilities, Weirdness & Mutations

You have an increased reservoir of magic. (+10% MP)
You shall have no god before yourself.
Your divine heritage dramatically boosts your attributes as you level up.


   Skills:
 - Level 2.6 Fighting
 + Level 4.0 Polearms
 - Level 2.6 Armour
 - Level 2.6 Shields


You had 2 spell levels left.
You didn't know any spells.
Your spell library contained the following spells:

 Spells                   Type           Power      Damage    Failure   Level
 Sandblast                Erth           0%         2d4       80%         1
 Passwall                 Tmut/Erth      0%         N/A       91%         2
 Stone Arrow              Conj/Erth      0%         3d7       99%         3

Inventory:

Hand Weapons
 a - a +0 trident (weapon) {polearm}
Missiles
 i - 69 stones (quivered) {throwing}
 l - 4 poisoned darts {throwing}
 u - 5 boomerangs {throwing}
Armour
 b - a +0 scale mail (worn)
 c - a +0 buckler (worn)
Jewellery
 p - a ring of positive energy
   (You found it on level 2 of the Dungeon)
Wands
 v - a wand of flame (14)
   (You took it off Robin on level 2 of the Dungeon)
Scrolls
 f - a scroll of blinking {!r}
 m - 3 scrolls of enchant weapon
 n - a scroll of immolation {!r!r}
 q - a scroll of enchant armour
 t - a scroll of teleportation {@r4}
 w - a scroll of fear
Potions
 g - a potion of flight {unknown}
 j - 2 potions of curing {unknown}
 k - a potion of magic {unknown}
 o - a potion of heal wounds {unknown}
 r - 2 potions of lignification {unknown}
 s - a potion of attraction {unknown}

Dungeon Overview and Level Annotations

Branches:
Dungeon (3/15)

##########################
.........................
#...###........#########
#...###........####....#
+...o.S)....†..'..'....+
#...###@.......####....#
....... #........# #....#
....... #........# #....#
....... #........# #....#
....... #........# #....#
....... #........# #....#
....... #........# ######
##########


You could see an orc priest and an adder.


Message History

Your Polearms skill increases to level 4!
No target in view!
No target in view!
No target in view!
You open the door.
There is an open door here.
You open the door.
Key pressed, stopping explore.
There is an open door here.
u - 5 boomerangs {throwing}
There is an open door here.
Key pressed, stopping explore.
There is an open door here.
You open the door.
There is an open door here.
You open the door.
An orc comes into view. It is wielding a +0 dagger.
The orc shouts!
An adder comes into view.
An orc priest comes into view. It is wielding a +0 hand axe.
An orc comes into view. It is wielding a +0 flail.
Okay, then.
There are monsters nearby!
There are monsters nearby!
An orc wizard comes into view. It is wielding a +0 dagger.
The orc wizard shouts!
The orc priest shouts!
The adder hisses angrily.
There is an open door here.
You closely miss the orc. The orc hits you with a +0 dagger.
The orc wizard gestures wildly while chanting.
The orc wizard flickers and vanishes!
Deactivating autopickup; reactivate with Ctrl-A.
You are too injured to fight recklessly! 😕 HP[-2]
You take 2 damage, and now have 28/30 hp.
You are too injured to fight recklessly!
You are too injured to fight recklessly!
You are too injured to fight recklessly!
You are too injured to fight recklessly!
You are too injured to fight recklessly!
You are too injured to fight recklessly!
You are too injured to fight recklessly!
You are too injured to fight recklessly!
You are too injured to fight recklessly!
You are too injured to fight recklessly!
You are too injured to fight recklessly!
You are too injured to fight recklessly!
You are too injured to fight recklessly!
You are too injured to fight recklessly!
You are too injured to fight recklessly!
Unknown command.
You barely miss the orc. You block the orc's attack. x2
You hit the orc. The orc hits you with a +0 dagger.
The orc priest calls upon Beogh to heal the orc.
The orc's wounds heal themselves!
The orc hits you with a +0 flail. 😮 HP[-7]
You take 7 damage, and now have 21/30 hp.
MASSIVE DAMAGE!! (PAUSE)
The adder attacks as you move away! The adder bites you.
The orc attacks as you move away! The orc barely misses you.
The orc priest miscasts a cantrip. 😮 HP[-1]
You take 1 damage, and now have 20/30 hp.
The orc attacks as you move away! The orc barely misses you.
The orc priest casts a cantrip, but nothing happens.
There is an open door here.
Okay, then.
Okay, then.
You feel very mighty all of a sudden.
You closely miss the orc. The orc closely misses you.
The orc priest calls down the wrath of Beogh upon you.
Beogh smites you!
* * * LOW HITPOINT WARNING * * *
The orc hits you but does no damage. 😨 HP[-11]
You take 11 damage, and now have 9/30 hp.
MASSIVE DAMAGE!! (PAUSE) It was a potion of haste.
You feel yourself speed up. The orc hits you with a +0 dagger.
* * * LOW HITPOINT WARNING * * *
The orc hits you with a +0 flail.
* * * LOW HITPOINT WARNING * * *
😱 HP[-4]
You take 4 damage, and now have 5/30 hp.
It was a potion of berserk rage.
A red film seems to cover your vision as you go berserk!
You feel yourself moving faster!
You feel mighty! The orc hits you but does no damage.
The orc closely misses you. 😱 HP[+3]
You now have 45 max hp (+15).
You regained 3 hp, and now have 8/45 hp.
You puncture the orc!
You kill the orc!
The orc hits you but does no damage.
You puncture the orc!
You kill the orc!
You miss the adder. You block the adder's attack.
You miss the adder. The adder bites you but does no damage.
The orc priest mumbles some strange prayers to Beogh against you.
Beogh smites you!
You die...

Skill      XL: |  1  2  3 |
---------------+----------+-----
Polearms       | 2 3 4 |  4.0
Fighting       | |  2.6
Armour         | |  2.6
Shields        | |  2.6

Action                   || total
-------------------------++-------
Melee: Trident           ||   115
  Use: Scroll            ||     6
       Potion            ||     3
Armor: Scale mail        ||    32
Dodge: Dodged            ||    35
Block: Buckler           ||    16

Levels and vault maps discovered:
D:1:      lightli_iron_boxes, layout_loops_corners,
          ebering_ecumenical_altar_mist
D:2:      layout_loops_ring, uniq_robin
D:3:      layout_basic, nicolae_overflow_crystal_walls

Notes
Turn   | Place    | Note
-------+----------+-------------------------------------------
     0 | D:1      | spaghetti the Demigod Fighter began the quest for the Orb.
     0 | D:1      | Reached XP level 1. HP: 18/18 MP: 3/3
     0 | D:1      | magus.rc [v1.9.6]
    56 | D:1      | Reached skill level 2 in Polearms
   319 | D:1      | Reached XP level 2. HP: 22/25 MP: 4/4
   573 | D:1      | Reached skill level 3 in Polearms
  1002 | D:2      | You pick up a book of Geomancy and begin reading...
  1002 | D:2      | You add the spells Sandblast, Passwall and Stone Arrow to
                  | your library.
  1495 | D:2      | Reached XP level 3. HP: 30/30 MP: 5/5
  1731 | D:2      | Noticed Robin
  1740 | D:2      | Killed Robin
  2227 | D:3      | Reached skill level 4 in Polearms
  2266 | D:3      | HP: 5/30 [orc/+0 flail (3)]
  2271 | D:3      | Killed from afar by an orc priest

Vanquished Creatures
  Robin (D:2)
  An adder (D:2)
  2 dart slugs (D:1)
  2 orcs (D:3)
  6 endoplasms
  2 giant cockroaches (D:1)
  A hobgoblin (D:2)
  5 kobolds
  A quokka (D:3)
  2 ball pythons (D:1)
  4 bats
  3 frilled lizards (D:1)
  11 goblins
  4 rats
45 creatures vanquished.

Table legend:
 A = Non-vault XP
 B = Vault XP
 C = Vault XP percentage of total XP
 D = Non-vault monster count
 E = Vault monster count
 F = Vault count percentage of total count
                 A         B        C        D         E       F
            +---------+---------+-------+---------+---------+-------
      Total |      75 |      30 |  28.6 |      36 |       9 |  20.0
            +---------+---------+-------+---------+---------+-------
        D:1 |      35 |       0 |   0.0 |      20 |       0 |   0.0
        D:2 |      28 |      30 |  51.7 |      10 |       9 |  47.4
        D:3 |      12 |       0 |   0.0 |       6 |       0 |   0.0
            +---------+---------+-------+---------+---------+-------

Illustrated notes

Table legend:
 A = Kills in this place as a percentage of kills in entire the game.
 B = Kills by you in this place as a percentage of kills by you in the entire game.
 C = Kills by friends in this place as a percentage of kills by friends in the entire game.
 D = Other kills in this place as a percentage of other kills in the entire game.
 E = Experience gained in this place as a percentage of experience gained in the entire game.
 F = Experience gained in this place divided by the number of levels of this place that you have seen.
                   A       B       C       D       E      F
               +-------+-------+-------+-------+-------+----------------------
         Total | 100.0 | 100.0 |   N/A |   N/A | 100.0 |  35.0
       Dungeon | 100.0 | 100.0 |   N/A |   N/A | 100.0 |  35.0
               +-------+-------+-------+-------+-------+----------------------

Table legend: (Time is in decaauts)
 A = Elapsed time spent in this place.
 B = Non-inter-level travel time spent in this place.
 C = Inter-level travel time spent in this place.
 D = Time resting spent in this place.
 E = Time spent auto-exploring this place.
 F = Levels seen in this place.
 G = Mean time per level.
                   A        B        C        D        E       F      G
               +--------+--------+--------+--------+--------+-----+--------+
         Total |   2290 |   2247 |     43 |     10 |   1963 |   3 |  763.3 |
       Dungeon |   2290 |   2247 |     43 |     10 |   1963 |   3 |  763.3 |
               +--------+--------+--------+--------+--------+-----+--------+

Top non-repeatable levels by time:
     D:1: 976 daAuts
     D:2: 902 daAuts
     D:3: 411 daAuts
